Map: Catalyst LE

Players

Hurricane - Winner!

  • Race: Protoss Protoss
  • League: Grandmaster
  • Spawn Location: 5:00

llllllllllll

  • Race: Terran Terran
  • League: Grandmaster
  • Spawn Location: 11:00

VOD

Have the link to the VOD?

Description

Time

  • Played on: Feb. 2, 2018, 10:48 a.m.
  • Length: 7:52
Show
View Real Time Build Order
Export as new Build Order

Hurricane Protoss - Winner!

Build Orders: 1 Gate Expand, Oracle Opening, Zealot Archon 

Get SALT Encoding   

  12  0:00  Probe  
  13  0:13  Probe  
  14  0:20  Pylon  
  14  0:25  Probe  
  15  0:38  Probe (Chrono Boost), Gateway  
  16  0:46  Assimilator  
  16  0:49  Probe (Chrono Boost)  
  17  0:54  Probe (Chrono Boost)  
  18  1:04  Probe  
  19  1:16  Probe  
  20  1:24  Nexus  
  20  1:34  Cybernetics Core  
  20  1:36  Probe  
  21  1:42  Assimilator  
  21  1:49  Probe  
  21  1:53  Pylon  
  22  2:01  Probe  
  23  2:09  Adept (Chrono Boost)  
  23  2:13  Stargate  
  23  2:15  Probe  
  26  2:22  Warp Gate  
  26  2:28  Probe (Chrono Boost), Stalker (Chrono Boost)  
  29  2:37  Probe (Chrono Boost)  
  31  2:45  Probe (Chrono Boost)  
  31  2:46  Probe (Chrono Boost)  
  32  2:51  Probe (Chrono Boost)  
  32  2:57  Probe  
  36  2:59  Oracle (Chrono Boost)  
  37  3:10  Probe  
  38  3:14  Probe  
  38  3:16  Stalker  
  39  3:20  Gateway  
  39  3:23  Probe  
  39  3:25  Gateway  
  39  3:26  Probe  
  41  3:28  Pylon  
  41  3:35  Oracle (Chrono Boost)  
  41  3:38  Probe  
  45  3:42  Shield Battery  
  45  3:43  Probe  
  45  3:47  Assimilator  
  46  3:53  Stalker (Chrono Boost)  
  47  3:55  Probe  
  49  4:12  Probe x2  
  49  4:15  Twilight Council  
  51  4:17  Forge  
  51  4:18  Pylon  
  51  4:29  Probe  
  52  4:32  Probe  
  52  4:33  Assimilator  
  53  4:39  Stalker x3  
  53  4:41  Probe  
  53  4:45  Pylon  
  60  4:46  Phoenix (Chrono Boost)  
  62  4:57  Pylon  
  62  5:03  Probe x2  
  62  5:04  Charge (Chrono Boost)  
  62  5:05  Phoenix  
  66  5:15  Protoss Ground Armor Level 1 (Chrono Boost)  
  66  5:16  Probe  
  66  5:21  Probe  
  68  5:30  Phoenix  
  68  5:33  Nexus  
  70  5:39  Pylon, Sentry  
  72  5:43  Gateway  
  72  5:45  Gateway  
  72  5:55  Gateway  
  72  5:58  Gateway x2  
  72  6:00  Phoenix  
  72  6:01  Probe  
  72  6:04  Probe  
  76  6:12  Templar Archives  
  76  6:16  Probe  
  76  6:17  Probe  
  78  6:19  Pylon  
  78  6:22  Pylon  
  78  6:30  Zealot  
  78  6:31  Zealot x2  
  82  6:38  Pylon  
  82  6:40  Phoenix (Chrono Boost)  
  82  6:43  Zealot x2  
  82  6:47  Probe x3  
  91  6:56  Zealot x3  
  97  7:04  High Templar x2  
  101  7:09  Phoenix (Chrono Boost)  
  101  7:10  Archon  
  91  7:31  Zealot x6  
Show
View Real Time Build Order
Export as new Build Order

llllllllllll Terran 

Build Orders: Cyclone Opening, Reaper Expand, MMM Bio 

Get SALT Encoding   

  12  0:01  SCV  
  13  0:13  SCV  
  14  0:17  Supply Depot  
  14  0:25  SCV  
  15  0:29  Refinery  
  15  0:39  SCV  
  16  0:44  Barracks  
  16  0:51  SCV  
  17  1:03  SCV  
  18  1:15  SCV  
  19  1:31  Reaper, Orbital Command  
  20  1:43  Command Center  
  20  1:56  Factory  
  20  1:57  SCV  
  21  2:02  Refinery  
  21  2:05  Barracks Tech Lab  
  21  2:09  SCV  
  21  2:14  Supply Depot  
  22  2:21  SCV  
  23  2:25  Concussive Shells  
  23  2:36  SCV, Marauder  
  26  2:45  Cyclone  
  26  2:48  SCV  
  30  2:57  Orbital Command, Marauder  
  32  3:00  SCV  
  33  3:12  SCV  
  34  3:22  Marauder  
  34  3:24  SCV  
  34  3:27  Cyclone  
  40  3:30  SCV  
  41  3:36  Supply Depot  
  41  3:43  Marauder  
  41  3:45  SCV x2  
  45  3:57  SCV, Barracks  
  45  3:59  Barracks  
  48  4:12  SCV, Marauder  
  48  4:14  SCV  
  48  4:15  Supply Depot  
  52  4:22  Factory Tech Lab  
  42  4:24  Stimpack  
  42  4:25  Refinery  
  42  4:26  SCV, Bunker  
  42  4:27  Starport  
  41  4:32  SCV  
  41  4:35  Marine  
  43  4:38  Engineering Bay  
  43  4:41  Siege Tank  
  43  4:42  SCV  
  43  4:44  SCV  
  48  4:46  Barracks Reactor  
  48  4:47  Barracks Reactor  
  48  4:54  SCV  
  48  4:56  SCV  
  48  4:58  Marine  
  51  5:06  SCV  
  51  5:08  SCV  
  51  5:09  Missile Turret, Starport Reactor  
  52  5:15  Barracks  
  52  5:16  Barracks  
  52  5:18  SCV  
  52  5:21  SCV, Marine  
  54  5:22  Marine x2  
  54  5:23  Marine  
  54  5:28  Terran Infantry Weapons Level 1  
  58  5:33  Marine  
  58  5:34  Supply Depot  
  56  5:38  Siege Tank  
  56  5:39  Marine  
  60  5:42  Marine  
  60  5:43  Supply Depot  
  60  5:44  Marine  
  62  5:56  Marine x2, Medivac x2  
  68  6:00  Marine x2  
  68  6:02  Barracks Reactor  
  68  6:03  Barracks Reactor  
  70  6:11  Marine  
  70  6:13  Marine  
  70  6:14  Missile Turret, Marine  
  70  6:16  Refinery  
  70  6:18  Marine x2  
  74  6:25  Combat Shields  
  75  6:28  Siege Tank  
  78  6:34  Supply Depot  
  78  6:35  Supply Depot  
  78  6:36  Marine x5  
  78  6:39  Marine  
  84  6:40  Marine  
  84  6:41  Marine  
  86  6:51  Supply Depot  
  86  6:56  Marine x5, Medivac  
  86  6:59  Marine  
  86  7:00  Siege Tank  
  86  7:01  Marine  
  98  7:05  Marine  
  98  7:06  Supply Depot  
  99  7:08  Marine  
  99  7:12  Medivac  
  99  7:13  Marine x2  
  92  7:26  Marine  
  92  7:29  Marine x2  
  96  7:30  Marine x2  
Tags
 
Add a new tag
Caveats
  • Supply blocks, unpowered buildings, or Contaminate may cause inaccurate times.
  • Supply counts are checked every 10 seconds.